 Dungeon Crawl Stone Soup version 0.24-a0-639-gb70a11d811 (webtiles) character file.

Game seed: 6989389176845500709, levelgen mode: classic

160 EnegeticOcto the Covered (level 5, -1/49 HPs)
             Began as a Deep Dwarf Fighter on Sept 21, 2019.
             Killed by divine providence
             ... invoked by an orc priest
              (9 damage)
             ... on level 4 of the Dungeon.
             The game lasted 00:01:59 (1962 turns).

EnegeticOcto the Covered (Deep Dwarf Fighter)       Turns: 1962, Time: 00:01:59

Health: -1/49      AC: 13    Str: 21    XL:     5   Next: 17%
Magic:  3/3        EV:  4    Int:  8    God:
Gold:   83         SH:  9    Dex: 12    Spells: 4/4 levels left

rFire    . . .     SeeInvis .   a - +0 war axe
rCold    . . .     Gourm    .   c - +0 shield
rNeg     . . .     Faith    .   m - +0 plate armour
rPois    .         Spirit   .   g - +0 helmet
rElec    .         Reflect  .   (no cloak)
rCorr    .         Harm     .   (no gloves)
MR       .....                  (no boots)
Stlth    ..........             t - amulet of the acrobat
HPRegen  0.00/turn              (no ring)
MPRegen  0.08/turn              (no ring)

@: non-regenerating
A: damage resistance, heal wounds, sense surroundings 1, no regeneration
a: Heal Wounds


You were on level 4 of the Dungeon.
You were not hungry.

You visited 1 branch of the dungeon, and saw 4 of its levels.

You collected 83 gold pieces.

Inventory:

Hand Weapons
 a - a +0 war axe (weapon)
Armour
 c - a +0 shield (worn)
 g - a +0 helmet (worn)
 m - a +0 plate armour (worn)
Jewellery
 t - an amulet of the acrobat (around neck)
Scrolls
 f - a scroll of fear {unknown}
 k - a scroll of immolation {unknown}
 l - 4 scrolls of identify {unknown}
 n - a scroll of enchant armour {unknown}
 p - a scroll of fog {unknown}
 q - a scroll of blinking {unknown}
 r - 2 scrolls of teleportation {unknown}
 v - a scroll of magic mapping {unknown}
Potions
 b - a potion of agility {unknown}
 d - 2 potions of might {@q3 !q}
 h - 2 potions of haste {unknown}
 i - 5 potions of flight {unknown}
 j - a potion of brilliance {unknown}
 s - 3 potions of degeneration {unknown}
 u - 2 potions of curing {unknown}
 w - a potion of ambrosia {unknown}
Comestibles
 e - 8 rations
 o - 13 chunks of flesh


   Skills:
 + Level 3.2 Fighting
 * Level 3.8 Axes
 + Level 4.0 Armour
 + Level 1.9 Dodging
 + Level 4.0 Shields


You had 4 spell levels left.
You didn't know any spells.
Your spell library was empty.

Dungeon Overview and Level Annotations

Branches:
Dungeon (4/15)
 Temple: D:4-7

Altars:
Ashenzari
Dithmenos
Okawaru
Sif Muna
Vehumet


Innate Abilities, Weirdness & Mutations

You are resistant to damage.
You can heal yourself by infusing magical energy.
You passively map a small area around you.
You do not regenerate.


Message History

Eating one of 15 chunks of flesh.
You eat one of the 15 chunks of flesh.
This raw flesh tastes terrible.
Things that are here:
a +0 spear; a gnoll skeleton
Things that are here:
a +0 club; a gnoll skeleton Some of the chunks of flesh in your inventory have rotted away.
There is an open door here.
There is a stone staircase leading down here.
Found a stone staircase leading down.
Done exploring.
Done exploring.
No target in view!
No target in view!
No target in view!
Done exploring.
Done exploring.
Done exploring.
Done exploring.
Search for what [Enter for "."]?
Okay, then.
(D) Dungeon
Where to? (Enter - D:3, ? - help)
There is a stone staircase leading down here.
You climb downwards. 3 orcs and an orc priest come into view.
The orc shouts! x3; The orc priest shouts!
Found a stone staircase leading up.
There is a stone staircase leading up here.
Okay, then.
You hit the orc.
The orc is severely wounded.
Your shield and plate armour prevent you from hitting the orc.
You block the orc's attack. The orc hits you but does no damage.
You slash the orc!
You kill the orc!
You hit the orc. x2; The orc hits you. The orc hits you but does no damage.
A wyvern zombie comes into view.
Your plate armour prevents you from hitting the orc.
The orc is almost dead.
You slash the orc priest!
Your shield and plate armour prevent you from hitting the orc.
The orc priest miscasts a cantrip.
You block the orc's attack. x2; The orc hits you but does no damage.
The orc priest barely misses you. You block the orc's attack.
Your shield and plate armour prevent you from hitting the orc priest.
The orc priest is almost dead.
Your shield and plate armour prevent you from hitting the wyvern zombie.
You closely miss the orc. You hit the orc.
You kill the orc!
The wyvern zombie completely misses you.
The orc hits you but does no damage. The orc priest hits you.
The wyvern zombie bites you!
You closely miss the orc priest.
The orc priest is almost dead.
You hit the wyvern zombie but do no damage.
You closely miss the orc. You block the wyvern zombie's attack.
The orc priest hits you but does no damage.
The orc hits you but does no damage. x2
The orc priest hits you but does no damage.
You block the wyvern zombie's attack.
You hit the orc priest.
The orc priest is almost dead.
You barely miss the wyvern zombie. You closely miss the orc.
The wyvern zombie bites you! You block the orc's attack.
The orc priest mumbles some strange prayers to Beogh against you.
Beogh smites you!
* * * LOW HITPOINT WARNING * * *
You are too injured to fight recklessly!
You are too injured to fight recklessly!
You are too injured to fight recklessly!
You are too injured to fight recklessly!
You are too injured to fight recklessly!
You are too injured to fight recklessly!
You are too injured to fight recklessly!
You are too injured to fight recklessly!
Okay, then.
You fail to use your ability.
You block the wyvern zombie's attack. The orc hits you but does no damage.
You block the orc priest's attack.
The wyvern zombie bites you but does no damage.
You feel much better. The wyvern zombie bites you. You block the orc's attack.
The orc priest mumbles some strange prayers to Beogh against you.
Beogh smites you!
You fail to use your ability.
The wyvern zombie bites you but does no damage.
You block the orc's attack.
The orc priest calls down the wrath of Beogh upon you.
Pain shoots through your body!
* * * LOW HITPOINT WARNING * * *
You fail to use your ability.
The wyvern zombie bites you.
* * * LOW HITPOINT WARNING * * *
The orc priest barely misses you. The orc hits you but does no damage.
The wyvern zombie bites you but does no damage.
You fail to use your ability.
You block the wyvern zombie's attack. You block the orc's attack.
The orc priest invokes the aid of Beogh against you.
Beogh smites you!
You die...

* * * .# * ,
, *#.## , *
#...### , ,
* ...... , ,
*##*....#* *
, , ,
##.###. ...*
,, *
<.....)#Z#.#
......o@o..#
##.##.)#.#.#
*#.. ... , ,
* * #.#
.##.# **#.
.# .. *
..**.# ##
##* *.# , *
* .# , ,


You could see an orc priest, an orc and a wyvern zombie.

Vanquished Creatures
  Natasha (twice) (D:2)
  4 gnolls (D:3)
  2 adders
  2 worms
  A leopard gecko (D:3)
  2 orcs (D:4)
  3 giant cockroaches
  5 hobgoblins
  3 jackals (D:2)
  A ball python (D:1)
  7 bats
  4 frilled lizards
  3 goblins
  6 kobolds
  5 rats
50 creatures vanquished.

Notes
Turn   | Place    | Note
-------+----------+-------------------------------------------
     0 | D:1      | EnegeticOcto the Deep Dwarf Fighter began the quest for the
                  | Orb.
     0 | D:1      | Reached XP level 1. HP: 20/20 MP: 1/1
   213 | D:1      | Reached XP level 2. HP: 22/27 MP: 2/2
   898 | D:2      | Reached XP level 3. HP: 25/33 MP: 3/3
   964 | D:2      | Found a shattered altar of Ashenzari.
   966 | D:2      | Found an iron altar of Okawaru.
  1091 | D:2      | Noticed Natasha
  1097 | D:2      | Reached skill level 1 in Dodging
  1108 | D:2      | Killed Natasha
  1413 | D:2      | Noticed Natasha
  1432 | D:2      | Killed Natasha
  1432 | D:2      | Reached XP level 4. HP: 40/42 MP: 2/2
  1491 | D:2      | Found a shimmering blue altar of Sif Muna.
  1589 | D:3      | Found a shadowy altar of Dithmenos.
  1800 | D:3      | Found a radiant altar of Vehumet.
  1823 | D:3      | Reached XP level 5. HP: 41/49 MP: 3/3
  1962 | D:4      | Killed from afar by an orc priest

Levels and vault maps discovered:
D:1:      dpeg_arrival_oval, layout_loops_corners
D:2:      layout_basic, led_sif_pool, minitemple, due_unseen_surprise,
          uniq_natasha
D:3:      layout_basic, vehumet_crystals, nicolae_overflow_hidden_temple,
          first_ration
D:4:      layout_loops_ring, lemuel_coloured_pillars_altar,
          nicolae_ru_sacrificial_ziggurat, cheibrodos_ashenzari_chains

Skill      XL: |  1  2  3  4  5 |
---------------+----------------+-----
Dodging        | 1 |  1.9
Axes           | 3 |  3.8
Fighting       | 3 |  3.2
Armour         | 4 |  4.0
Shields        | 4 |  4.0

Action                   |  1- 3 |  4- 6 || total
-------------------------+-------+-------++-------
Melee: War axe           |   123 |    55 ||   178
 Abil: Heal Wounds       |     3 |     1 ||     4
  Eat: Chunk             |     2 |     2 ||     4
Armor: Scale mail        |    38 |       ||    38
       Plate armour      |    55 |    53 ||   108
       Skin              |     1 |       ||     1
Dodge: Dodged            |    48 |    17 ||    65
Block: Shield            |    83 |    50 ||   133

Table legend:
 A = Non-vault XP
 B = Vault XP
 C = Vault XP percentage of total XP
 D = Non-vault monster count
 E = Vault monster count
 F = Vault count percentage of total count
                 A         B        C        D         E       F
            +---------+---------+-------+---------+---------+-------
      Total |     194 |      35 |  15.3 |      49 |       1 |   2.0
            +---------+---------+-------+---------+---------+-------
        D:1 |      29 |       0 |   0.0 |      21 |       0 |   0.0
        D:2 |      70 |      35 |  33.3 |      13 |       1 |   7.1
        D:3 |      89 |       0 |   0.0 |      13 |       0 |   0.0
        D:4 |       6 |       0 |   0.0 |       2 |       0 |   0.0
            +---------+---------+-------+---------+---------+-------
